 Seeded DCSS version 0.30-a0-123-g91d0c66ccf (webtiles) character file.

Game seed: 17246712331252751712 (custom seed)

232 wilfster70 the Poker (level 5, 7/47 HPs)
             Began as a Minotaur Fighter on Sept 17, 2022.
             Was a Follower of Jiyva.
             Quit the game in a sewer.
             The game lasted 00:04:24 (1682 turns).

wilfster70 the Poker (Minotaur Fighter)             Turns: 1682, Time: 00:04:25

Health: 7/47       AC: 14    Str: 21    XL:     5   Next: 73%
Magic:  4/4        EV:  6    Int: 14    God:    Jiyva [*.....]
Gold:   112        SH:  3    Dex:  4    Spells: 4/4 levels left

rFire   . . .      SeeInvis .    a - +0 trident
rCold   + . .      Faith    .    c - +0 buckler
rNeg    + . .      Spirit   .    t - +0 plate armour
rPois   .          Reflect  .    (helmet restricted)
rElec   .          Harm     .    n - +0 cloak {Will+}
rCorr   .          Rampage  .    e - +0 pair of gloves of Brilliance {rN+ Will+ Dex-5}
Will    ++...                    (no boots)
Stlth   ..........               (no amulet)
HPRegen 0.95/turn                u - ring "Wiattuun" {rC+ Int+7 Stlth-}
MPRegen 0.34/turn                (no ring)

@: very slow
A: horns 2, retaliatory headbutt
a: Renounce Religion


You were in a sewer.
You worshipped Jiyva.
Jiyva was aware of your devotion.
You visited 1 branch of the dungeon, and saw 3 of its levels.
You also visited: Sewer.

You collected 112 gold pieces.

Inventory:

Hand Weapons
 a - a +0 trident (weapon)
Armour
 c - a +0 buckler (worn)
 e - the +0 pair of gloves of Brilliance (worn) {rN+ Will+ Dex-5}
   (You acquired it on level 1 of the Dungeon)

   Dex:       It affects your dexterity (-5).
   rN:        It protects you from negative energy.
   Will:      It increases your willpower.
 n - a +0 cloak of willpower (worn)
 t - a +0 plate armour (worn)
Jewellery
 u - the ring "Wiattuun" (left hand) {rC+ Int+7 Stlth-}
   (You acquired it in a sewer)

   [ring of protection from cold]

   Int:       It affects your intelligence (+7).
   rC:        It protects you from cold.
   Stlth:     It makes you less stealthy.
Scrolls
 b - a scroll of summoning {unknown}
 g - 2 scrolls of poison {unknown}
 h - 2 scrolls of teleportation {unknown}
 i - a scroll of amnesia {unknown}
 j - 2 scrolls of identify {unknown}
 k - a scroll of blinking {unknown}
 l - 3 scrolls of fog {unknown}
 s - a scroll of enchant weapon {unknown}
Potions
 d - a potion of might
 f - a potion of cancellation {unknown}
 m - 5 potions of curing {unknown}
 p - 3 potions of lignification {unknown}
 q - a potion of flight {unknown}
 r - a potion of magic {unknown}


   Skills:
 + Level 4.9 Fighting
 * Level 5.3 Polearms
 + Level 4.9 Armour
 - Level 4.0 Shields


You had 4 spell levels left.
You didn't know any spells.
Your spell library contained the following spells:

 Spells                   Type           Power      Damage    Failure   Level
 Blink                    Tloc           0%         N/A       100%        2
 Lesser Beckoning         Tloc           0%         N/A       100%        3
 Manifold Assault         Tloc           0%         N/A       100%        4


Dungeon Overview and Level Annotations

Branches:
Dungeon (3/15)              Sewer (1/1)

Altars:
Jiyva


Innate Abilities, Weirdness & Mutations

You have a pair of horns on your head.
You reflexively headbutt those who attack you in melee.


Message History

You are electrocuted!!
Your unstable footing causes you to fumble your attack.
The kobold brigand hits you but does no damage.
Your unstable footing causes you to fumble your attack.
The kobold brigand hits you with a +0 short sword of electrocution.
You hit the kobold brigand.
The kobold brigand is lightly wounded.
You block the kobold brigand's attack.
Your unstable footing causes you to fumble your attack.
The kobold brigand splashes around in the water.
Your unstable footing causes you to fumble your attack.
The kobold brigand hits you but does no damage.
You puncture the kobold brigand!
Your headbutt misses the kobold brigand.
The kobold brigand is moderately wounded.
The kobold brigand splashes around in the water.
You hear a distant slurping noise.
You puncture the kobold brigand! You headbutt the kobold brigand!
The kobold brigand is almost dead.
The kobold brigand hits you but does no damage.
The kobold brigand splashes around in the water.
Your unstable footing causes you to fumble your attack.
You hear a distant slurping noise.
The kobold brigand hits you but does no damage.
You are electrocuted!
* * * LOW HITPOINT WARNING * * *
You barely miss the kobold brigand.
Your headbutt misses the kobold brigand.
The kobold brigand is almost dead.
The kobold brigand splashes around in the water.
You completely miss the kobold brigand.
The kobold brigand is almost dead.
The kobold brigand hits you with a +0 short sword of electrocution!
* * * LOW HITPOINT WARNING * * *
You hear a distant slurping noise.
You miss the kobold brigand. You headbutt the kobold brigand.
You kill the kobold brigand!
You hear a splash. x2
Your Polearms skill increases to level 5!
Are you sure you want to abandon this character and quit the game? (Confirm with "yes".)

#≈# #≈# #~# ##≈##
##~## ##~~~##
##.~~##
####~.~..####....~#
≈≈≈≈~.∩..~~~~~~.~.#
####..~.~####.~~.~#
##.~.## ##~..##
##~## ##### #@# #)#
#~# ..~ .~. .~...
..... ##...##


There were no monsters in sight!

Vanquished Creatures
  A kobold brigand (Sewer)
  An orc wizard (D:3)
  2 river rats
  8 adders
  2 worms
  4 orcs (D:3)
  2 ball pythons
  2 bats
  3 endoplasms (D:1)
  3 giant cockroaches
  3 goblins (D:1)
  3 hobgoblins
  2 quokkas (D:1)
  A frilled lizard (D:2)
  9 kobolds
  4 rats (D:1)
50 creatures vanquished.

Vanquished Creatures (others)
  A kobold brigand (Sewer)
  A jelly (D:3)
  An adder (Sewer)
  A river rat (D:3)
  2 endoplasms
  2 ball pythons
  A giant cockroach (D:3)
  2 kobolds (Sewer)
  A rat (Sewer)
12 creatures vanquished.

Grand Total: 62 creatures vanquished

Notes
Turn   | Place    | Note
-------+----------+-------------------------------------------
     0 | D:1      | wilfster70 the Minotaur Fighter began the quest for the
                  | Orb.
     0 | D:1      | Reached XP level 1. HP: 19/19 MP: 0/0
   113 | D:1      | Identified a scroll of acquirement
   113 | D:1      | Acquired the +0 pair of gloves of Brilliance {rN+ Will+
                  | Dex-5}
   157 | D:1      | Reached XP level 2. HP: 24/27 MP: 1/1
   284 | D:1      | Reached skill level 3 in Polearms
   429 | D:1      | Acquired a +0 cloak of willpower
   710 | D:2      | Reached XP level 3. HP: 33/33 MP: 2/2
  1198 | D:2      | Found a faded altar of an unknown god.
  1209 | D:2      | Prayed at the altar of an unknown god.
  1209 | D:2      | Became a worshipper of Jiyva Jitytz the Shapeless
  1209 | D:2      | Reached * piety under Jiyva
  1323 | D:3      | Reached skill level 4 in Polearms
  1323 | D:3      | Reached XP level 4. HP: 25/40 MP: 3/3
  1393 | D:3      | Found a glowing drain.
  1435 | Sewer    | Entered a sewer
  1588 | Sewer    | Acquired the ring "Wiattuun" {rC+ Int+7 Stlth-}
  1610 | Sewer    | Killed a kobold brigand
  1618 | Sewer    | Reached XP level 5. HP: 40/47 MP: 4/4
  1682 | Sewer    | Reached skill level 5 in Polearms
  1682 | Sewer    | Quit the game

Illustrated notes

Levels and vault maps discovered:
D:1:      evilmike_arrival_plus, layout_rooms
D:2:      minmay_evil_eye, layout_loops_ring, ebering_ecumenical_altar_box
D:3:      layout_basic, palyth_temple_overflow_mages, nzn_wu_jian_contemplation,
          amethyst_overflow_temple_binary, portal_sewer_entry_c
Sewer:    sewer_co_15_rooms

Skill      XL: |  1  2  3  4  5 |
---------------+----------------+-----
Polearms       | 3 4 5 |  5.3
Fighting       | 4 |  4.9
Armour         | 4 |  4.9
Shields        | 4 |  4.0

Action                   |  1- 3 |  4- 6 || total
-------------------------+-------+-------++-------
Melee: Trident           |    94 |    76 ||   170
       Headbutt          |     4 |     8 ||    12
  Use: Scroll            |     2 |     1 ||     3
Armor: Scale mail        |    48 |     8 ||    56
       Plate armour      |       |    23 ||    23
Dodge: Dodged            |    29 |    16 ||    45
Block: Buckler           |    13 |    14 ||    27

Table legend: (Time is in decaauts)
 A = Elapsed time spent in this place.
 B = Non-inter-level travel time spent in this place.
 C = Inter-level travel time spent in this place.
 D = Time resting spent in this place.
 E = Time spent auto-exploring this place.
 F = Levels seen in this place.
 G = Mean time per level.
                   A        B        C        D        E       F      G
               +--------+--------+--------+--------+--------+-----+--------+
         Total |   1733 |   1701 |     32 |    260 |    643 |   4 |  433.2 |
       Dungeon |   1456 |   1424 |     32 |    148 |    643 |   3 |  485.3 |
         Sewer |    277 |    277 |      0 |    112 |      0 |   1 |  277.0 |
               +--------+--------+--------+--------+--------+-----+--------+

Top non-repeatable levels by time:
     D:1: 657 daAuts
     D:2: 620 daAuts
   Sewer: 277 daAuts
     D:3: 179 daAuts
